 Dungeon Crawl Stone Soup version 0.23-a0-108-gf7ee2ed (webtiles) character file.

1713 zxkuqyb the Destroyer (level 8, -3/41 HPs)
             Began as a Deep Elf Fire Elementalist on July 23, 2018.
             Was an Initiate of Vehumet.
             Killed from afar by Harold (21 damage)
             ... with a harpoon shot
             ... on level 7 of the Dungeon on Aug 21, 2018.
             The game lasted 00:47:11 (8328 turns).

zxkuqyb the Destroyer (Deep Elf Fire Elementalist)  Turns: 8328, Time: 00:47:11

Health: -3/41      AC:  5    Str:  5    XL:     8   Next: 74%
Magic:  7/21       EV: 16    Int: 26    God:    Vehumet [......]
Gold:   385        SH:  0    Dex: 15    Spells: 7/22 levels left

rFire    . . .     SeeInvis .   o - +0 short sword
rCold    . . .     Gourm    .   (no shield)
rNeg     . . .     Faith    .   a - +0 robe
rPois    .         Spirit   .   (no helmet)
rElec    .         Reflect  .   q - +0 cloak
rCorr    .         Harm     .   k - +1 pair of gloves
MR       .....                  (no boots)
Stlth    ++........             (no amulet)
HPRegen  0.13/turn              f - +3 ring of intelligence (curse)
MPRegen  0.17/turn              h - +3 ring of evasion

@: marked
A: no striking features
a: Renounce Religion


You were on level 7 of the Dungeon.
You worshipped Vehumet.
Vehumet was noncommittal.
You were not hungry.

You visited 2 branches of the dungeon, and saw 8 of its levels.

You collected 385 gold pieces.

Inventory:

Hand Weapons
 g - a +0 dagger
 o - a +0 short sword (weapon)
Missiles
 e - 4 tomahawks (quivered)
Armour
 a - a +0 robe (worn)
 k - a +1 pair of gloves (worn)
 q - a +0 cloak (worn)
 u - a +0 leather armour of cold resistance
Jewellery
 f - a cursed +3 ring of intelligence (left hand)
 h - a +3 ring of evasion (right hand)
 n - an uncursed ring of flight
Scrolls
 d - a scroll of enchant armour {unknown}
 i - 2 scrolls of blinking {unknown}
 j - 5 scrolls of teleportation {unknown}
 l - 6 scrolls of identify {unknown}
 p - 3 scrolls of remove curse {unknown}
 r - 2 scrolls of enchant weapon {unknown}
 s - a scroll of silence {unknown}
 t - a scroll of magic mapping {unknown}
 y - a scroll of random uselessness {unknown}
Potions
 b - a potion of berserk rage {unknown}
 m - a potion of cancellation
 w - 2 potions of resistance {unknown}
 x - a potion of flight {unknown}
Comestibles
 c - 6 rations
 v - 6 chunks of flesh


   Skills:
 - Level 2.4 Dodging
 - Level 2.4 Stealth
 + Level 7.8 Spellcasting
 * Level 8.7 Conjurations
 + Level 7.0 Fire Magic


You had 7 spell levels left.
You knew the following spells:

 Your Spells              Type           Power        Failure   Level  Hunger
a - Flame Tongue          Conj/Fire      #####        1%          1    None
b - Throw Flame           Conj/Fire      ######       1%          2    None
c - Conjure Flame         Conj/Fire      ######..     1%          3    None
d - Sticky Flame          Conj/Fire      ######..     2%          4    ##.....
e - Fireball              Conj/Fire      ######....   6%          5    ####...

Your spell library contained the following spells:

 Spells                   Type           Power        Failure   Level  Hunger
 Inner Flame              Hex/Fire       ####....     4%          3    None


Dungeon Overview and Level Annotations

Branches:
Dungeon (7/15)             Temple (1/1) D:6

Altars:
Ashenzari
Cheibriados
Dithmenos
Elyvilon
Fedhas
Gozag
Hepliaklqana
Kikubaaqudgha
Makhleb
Nemelex Xobeh
Okawaru
Qazlal
Ru
Sif Muna
Trog
Uskayaw
Vehumet
Wu Jian
Xom
Yredelemnul
Zin
The Shining One

Shops:
D:4 }   D:5 (

Annotations:
D:7 Harold


Message History

Press: ? - help, Shift-Dir - straight line, f/p - jackal
Aim: a jackal The flame tongue hits Harold.
Harold appears unharmed.
Harold is almost dead.
Casting: Flame Tongue (safe; 1% risk of failure)
Confirm with . or Enter, or press ? or * to list all spells.
Aiming: Flame Tongue (safe; 1% risk of failure)
Press: ? - help, Shift-Dir - straight line, f/p - jackal
Aim: a jackal The flame tongue hits Harold.
Harold is almost dead.
Harold says, "This is so exciting!
What a great way to end my career!"
Harold points at you and mumbles some strange words.
The harpoon shot hits you!
Ouch! That really hurt!
You are yanked forward by the harpoon shot.
Harold casts a spell at you. The harpoon shot hits you!
Ouch! That really hurt!
You die... # #. #.#### ###### #....# ###..@(# #.#..####...##ยง# #.........####@# ###..###### hh#

#..### ...# ####
#....#####.>.. #..#
#.............
#..###..###...##...
#...##..##>.#(....##


You could see Harold and a jackal.

Vanquished Creatures
  A hippogriff (D:7)
  A sky beast (D:6)
  A necrophage (D:6)
  A phantom (D:5)
  2 centaurs
  3 ogres (D:5)
  A water moccasin skeleton (D:7)
  2 scorpions
  A bullfrog zombie (D:7)
  A hound (D:7)
  4 orc wizards
  4 orc priests
  An iguana (D:5)
  2 centaur skeletons
  3 worker ants
  3 worker ant zombies
  10 adders
  A shadow imp (D:5)
  An ooze (D:1)
  An adder zombie (D:6)
  2 adder skeletons (D:5)
  6 worms
  A leopard gecko (D:7)
  19 orcs
  4 ball pythons
  4 bats (D:2)
  6 giant cockroaches
  5 goblins
  2 hobgoblins
  15 jackals
  2 quokkas
  A frilled lizard (D:2)
  A jackal zombie (D:5)
  8 kobolds
  10 rats
130 creatures vanquished.

Notes
Turn   | Place    | Note
-------+----------+-------------------------------------------
     0 | D:1      | zxkuqyb the Deep Elf Fire Elementalist began the quest for the Orb.
     0 | D:1      | Reached XP level 1. HP: 10/10 MP: 6/6
   277 | D:1      | Reached XP level 2. HP: 15/15 MP: 4/8
   315 | D:1      | Learned a level 2 spell: Throw Flame
   572 | D:1      | Reached skill level 2 in Conjurations
  1217 | D:2      | Reached XP level 3. HP: 19/19 MP: 7/10
  1287 | D:2      | Learned a level 3 spell: Conjure Flame
  2244 | D:3      | Reached skill level 3 in Conjurations
  2244 | D:3      | Reached XP level 4. HP: 24/24 MP: 3/12
  2772 | D:3      | Learned a level 4 spell: Sticky Flame
  2913 | D:3      | Reached XP level 5. HP: 23/28 MP: 5/13
  2923 | D:3      | Found an iron altar of Okawaru.
  3190 | D:3      | Reached skill level 4 in Conjurations
  3731 | D:4      | Found a hide-covered altar of Uskayaw.
  3862 | D:4      | Upgraded the game from 0.22-a0-810-g93d1441 to 0.23-a0-108-gf7ee2ed
  3918 | D:4      | HP: 1/28 [worker ant (2)]
  3921 | D:4      | Reached XP level 6. HP: 10/32 MP: 5/15
  4663 | D:4      | Found Wemoa's Gadget Shop.
  4670 | D:4      | Reached skill level 5 in Spellcasting
  4679 | D:4      | Learned a level 5 spell: Fireball
  4884 | D:5      | Entered Level 5 of the Dungeon
  4908 | D:5      | Reached skill level 5 in Conjurations
  5108 | D:5      | Reached skill level 5 in Fire Magic
  5320 | D:5      | Reached XP level 7. HP: 36/36 MP: 12/17
  5390 | D:5      | Found Tiqa's Antique Weapon Shop.
  5971 | D:5      | Reached skill level 6 in Conjurations
  6742 | D:6      | Reached skill level 7 in Conjurations
  7064 | D:6      | Reached XP level 8. HP: 41/41 MP: 14/20
  7297 | D:6      | Found a staircase to the Ecumenical Temple.
  7319 | Temple   | Entered the Ecumenical Temple
  7334 | Temple   | Became a worshipper of Vehumet
  7762 | D:7      | Noticed a hippogriff
  7793 | D:7      | Killed a hippogriff
  7793 | D:7      | Reached skill level 8 in Conjurations
  8309 | D:7      | Noticed Harold
  8328 | D:7      | Killed from afar by Harold

Vault maps used:
D:1:      minmay_arrival_four_circles
D:2:      first_ration
D:3:      okawaru_ov_weapons_minmay
D:4:      lemuel_round_altar, serial_shops, shop_fountains
D:5:      serial_shops, shop
D:6:      temple_hall
D:7:      grunt_livestock, grunt_ministairs_1, uniq_harold,
          uniq_crazy_yiuf_cottage
Temple:   nicolae_temple_the_god_donut

Skill      XL: |  1  2  3  4  5  6  7  8 |
---------------+-------------------------+-----
Conjurations   | 2 3 4 5 7 8 |  8.7
Spellcasting   | 4 5 6 7 |  7.8
Fire Magic     | 4 5 6 7 |  7.0
Dodging        | |  2.4
Stealth        | |  2.4

Action                   |  1- 3 |  4- 6 |  7- 9 || total
-------------------------+-------+-------+-------++-------
Melee: Dagger            |     3 |       |       ||     3
       Short sword       |       |       |    14 ||    14
Throw: Stone             |    16 |     3 |       ||    19
       Tomahawk          |       |     1 |     7 ||     8
 Cast: Flame Tongue      |    62 |   111 |    99 ||   272
       Throw Flame       |    31 |    13 |    15 ||    59
       Conjure Flame     |     2 |     6 |     8 ||    16
       Sticky Flame      |       |     1 |    16 ||    17
       Fireball          |       |       |     2 ||     2
  Use: Potion            |       |     4 |       ||     4
  Eat: Chunk             |     5 |     6 |     7 ||    18
       Ration            |       |     1 |     1 ||     2
Armor: Robe              |     5 |     7 |     9 ||    21
Dodge: Dodged            |    16 |    16 |    46 ||    78

Table legend:
 A = Non-vault XP
 B = Vault XP
 C = Vault XP percentage of total XP
 D = Non-vault monster count
 E = Vault monster count
 F = Vault count percentage of total count
                 A         B        C        D         E       F
            +---------+---------+-------+---------+---------+-------
      Total |    2448 |       0 |   0.0 |     130 |       0 |   0.0
            +---------+---------+-------+---------+---------+-------
        D:1 |      31 |       0 |   0.0 |      15 |       0 |   0.0
        D:2 |      46 |       0 |   0.0 |      20 |       0 |   0.0
        D:3 |     185 |       0 |   0.0 |      30 |       0 |   0.0
        D:4 |     168 |       0 |   0.0 |      18 |       0 |   0.0
        D:5 |     819 |       0 |   0.0 |      23 |       0 |   0.0
        D:6 |     489 |       0 |   0.0 |       8 |       0 |   0.0
        D:7 |     710 |       0 |   0.0 |      16 |       0 |   0.0
            +---------+---------+-------+---------+---------+-------
